AoeStats
← DrHaz3lnut

Nomad

508724077Analyzed
2v2 RM · 8d ago on Sep 23, 2026· 61m 13s· 4 players
Game mode
Random Map
Map size
176×176
Population
200
Speed
Normal
Resources
Standard
Victory
Conquest
Starting age
Dark Age
Ending age
Imperial Age
RankedLock teamsTeams togetherTeam positionsShared explorationLock speedFull tech treeHidden civsTurbo modeCheats
Victory
Defeat
🇩🇪 Burmese · Germany
852
+13
🇷🇺 Vietnamese · Russia
833
+14
🇩🇪 Mongols · Germany
795
-13
🇩🇪 Britons · Germany
795
-14
Heinlemann
14:03 Feudal Age
14:15 Man-at-Arms
20:50 Fletching
21:03 Scale Mail Armor
21:13 Forging
24:21 Castle Age
24:35 Horse Collar
24:28 Long Swordsman
24:54 Gambesons
25:32 Gambesons
40:40 Pikeman
46:19 Wheelbarrow
46:50 Fletching
47:27 Elite Skirmisher
59:37 Imperial Age
60:01 Imperial Age
57:50 Heavy Plow
60:43 Padded Archer Armor
F⇄LUCK
9:37 Loom
17:11 Feudal Age
18:55 Fishing Lines
20:57 Wheelbarrow
20:08 Town Watch
20:59 Double-Bit Axe
22:07 Stone Mining
24:48 Castle Age
24:04 Fletching
24:18 Padded Archer Armor
25:16 Gold Mining
27:03 Stone Shaft Mining
27:03 Bodkin Arrow
27:30 Pikeman
28:11 Squires
29:18 Forging
32:01 Murder Holes
32:58 Ballistics
32:54 Gillnets
33:27 Bow Saw
39:25 Imperial Age
40:29 Medium Warships
41:36 Chemistry
40:22 Arrowslits
40:19 Treadmill Crane
40:50 Masonry
42:06 Hoardings
44:01 Heavy Warships
43:26 Elite Rattan Archer
46:16 Two-Man Saw
45:15 Elite Cannon Galleon
46:30 Hand Cart
48:25 Bracer
48:41 Leather Archer Armor
53:03 Ring Archer Armor
61:16 Thumb Ring
60:32 Elite Skirmisher
61:52 Iron Casting
61:17 Scale Mail Armor
61:23 Scale Barding Armor
DrHaz3lnut
6:26 Loom
16:45 Feudal Age
22:55 Castle Age
24:25 Scale Barding Armor
24:38 Husbandry
32:17 Man-at-Arms
37:31 Horse Collar
42:58 Ballistics
44:43 Double-Bit Axe
45:05 Heavy Plow
46:27 Wheelbarrow
46:35 Bow Saw
49:03 Hand Cart
48:46 Fletching
50:49 Padded Archer Armor
50:46 Bodkin Arrow
52:47 Yeomen
52:49 Leather Archer Armor
55:26 Imperial Age
60:03 Imperial Age
R3genwurm
5:26 Loom
8:53 Loom
13:41 Feudal Age
14:19 Man-at-Arms
30:50 Castle Age
37:11 Crossbowman
38:57 Thumb Ring
41:54 Double-Bit Axe
42:14 Horse Collar
48:29 Imperial Age
52:35 Fletching
56:34 Elite Skirmisher
Connection lost

Rejoining the realm…

Still unreachable

The connection could not be restored.

Session expired

The server has moved on; the page needs a fresh start.